Map: Simulacrum LE

Players

JohnnyV

  • Race: Terran Terran
  • League: Silver
  • Spawn Location: 5:00

owtan - Winner!

  • Race: Zerg Zerg
  • League: Gold
  • Spawn Location: 11:00

VOD

Have the link to the VOD?

Description

Time

  • Played on: May 7, 2020, 7:01 p.m.
  • Length: 17:40
Show
View Real Time Build Order
Export as new Build Order

JohnnyV Terran 

Build Orders:  

Get SALT Encoding   

  12  0:01  SCV  
  13  0:13  SCV  
  14  0:17  Supply Depot  
  14  0:19  Supply Depot  
  14  0:25  SCV  
  15  0:35  Refinery  
  15  0:41  SCV  
  16  0:46  Barracks  
  16  0:53  SCV  
  17  1:05  SCV  
  18  1:17  SCV  
  19  1:29  SCV, Refinery  
  20  1:34  Reaper  
  20  1:36  Supply Depot  
  21  1:41  SCV  
  22  1:53  SCV, Bunker  
  23  2:05  Factory  
  23  2:06  SCV  
  24  2:16  Barracks Reactor  
  24  2:18  SCV  
  25  2:29  Command Center  
  25  2:39  Orbital Command  
  25  2:56  Marine x2, Factory Tech Lab  
  26  3:16  Marine, Siege Tank  
  26  3:17  Marine  
  31  3:29  Engineering Bay  
  31  3:40  SCV  
  32  3:46  Orbital Command  
  32  3:48  Supply Depot  
  32  3:50  Supply Depot  
  32  3:52  SCV  
  32  3:55  Marine x2  
  35  4:03  Siege Tank  
  38  4:14  Terran Infantry Weapons Level 1  
  38  4:15  Marine x2  
  40  4:18  SCV  
  40  4:20  SCV  
  42  4:24  Refinery  
  42  4:36  Supply Depot  
  42  4:41  Marine x2  
  42  4:42  Siege Tank  
  47  4:52  Starport  
  47  4:57  Ghost Academy  
  47  5:03  Barracks  
  47  5:04  Marine  
  47  5:06  Marine  
  49  5:09  SCV  
  49  5:12  SCV  
  51  5:22  Siege Tank  
  54  5:42  Marine x2  
  55  5:45  Starport Tech Lab  
  55  5:46  Personal Cloaking  
  56  5:51  SCV x2  
  56  5:52  Barracks Tech Lab  
  58  6:01  Sensor Tower  
  58  6:06  Marine, Siege Tank  
  58  6:07  Marine  
  58  6:08  SCV  
  58  6:09  SCV  
  65  6:12  Supply Depot  
  65  6:14  Supply Depot, Ghost  
  67  6:22  Liberator  
  70  6:34  Marine x2  
  70  6:35  Supply Depot  
  72  6:41  Supply Depot  
  72  6:47  Refinery  
  72  6:49  Ghost  
  72  6:51  Combat Shield  
  74  7:00  Cyclone  
  77  7:12  Nuke  
  77  7:17  Barracks x2  
  77  7:25  Fusion Core  
  77  7:43  Marine x2  
  79  7:50  Cyclone  
  79  7:57  Missile Turret x2  
  79  7:59  Missile Turret  
  79  8:00  Missile Turret  
  79  8:02  Enhanced Shockwaves  
  79  8:08  Missile Turret  
  79  8:10  Missile Turret  
  79  8:11  Missile Turret  
  75  8:38  SCV  
  75  8:39  SCV  
  77  8:48  Missile Turret x2  
  77  9:00  Siege Tank  
  77  9:01  Marine x2  
  82  9:03  Marauder  
  84  9:11  Missile Turret  
  84  9:24  Ghost  
  84  9:33  Siege Tank  
  84  9:35  Barracks Tech Lab x2  
  84  9:38  Concussive Shells  
  87  10:11  SCV  
  88  10:20  Command Center  
  88  10:29  Supply Depot  
  88  10:32  Supply Depot  
  88  10:33  Supply Depot  
  88  10:50  SCV, Battlecruiser  
  88  10:53  Marine x2  
  97  10:59  Armory  
  97  11:02  SCV  
  85  11:13  Marine  
  85  11:14  Marine x4  
  89  11:20  Nuke  
  89  11:35  Marine x3  
  88  11:50  Marine x2  
  88  11:53  Marine x2  
  71  11:57  Marine  
  72  12:02  Cyclone  
  72  12:07  Marine  
  76  12:18  Starport  
  75  12:39  Marine x2  
  75  12:40  Marine x3  
  69  12:50  SCV  
  69  12:55  Command Center  
  69  12:57  Marine x4  
  69  12:58  Marine  
  56  13:15  Marine x4  
  56  13:16  Marine  
  61  13:21  Orbital Command  
  61  13:33  Marine x2  
  59  13:53  Terran Vehicle Weapons Level 1  
  58  13:59  Marine x5  
  63  14:04  Engineering Bay  
  63  14:05  Engineering Bay  
  63  14:08  Planetary Fortress  
  63  14:14  SCV x2  
  63  14:16  Marine  
  63  14:17  Marine x3  
  66  14:20  Weapon Refit  
  66  14:23  Starport Reactor  
  56  14:33  Marine  
  56  14:34  Marine x3  
  56  14:35  Marine  
  55  14:46  Stimpack  
  55  14:50  Viking  
  55  14:51  Marine  
  55  14:52  Marine x4  
  62  15:01  Cyclone  
  65  15:09  Marine  
  65  15:10  Marine x4  
  65  15:26  Marine  
  65  15:28  Ghost, Marine x3  
  63  15:44  Marine  
  63  15:45  Marine  
  63  15:46  Marine x2  
  63  15:47  SCV x3  
  70  15:53  Widow Mine  
  70  15:55  Viking  
  70  15:56  Ghost  
  74  15:59  SCV  
  74  16:02  Marine  
  74  16:03  Refinery  
  78  16:04  Refinery  
  78  16:07  Marine x3  
  81  16:14  Siege Tank  
  82  16:33  SCV x2  
  82  16:39  Marauder x3, Marine x2  
  92  16:45  SCV  
  93  16:51  Viking x2  
  97  16:57  Marine x2  
  97  17:00  Marauder  
  101  17:12  Command Center  
Show
View Real Time Build Order
Export as new Build Order

owtan Zerg - Winner!

Build Orders: Hatch First, Muta Ling Bane, Swarm Host 

Get SALT Encoding   

  12  0:01  Drone  
  13  0:08  Drone  
  14  0:16  Drone, Extractor  
  15  0:39  Hatchery  
  14  0:46  Overlord  
  14  0:51  Extractor  
  14  0:52  Drone  
  15  1:14  Drone x3  
  18  1:21  Spawning Pool  
  17  1:25  Drone  
  18  1:36  Drone  
  19  1:40  Extractor  
  19  1:46  Drone  
  19  1:54  Drone  
  19  1:58  Drone  
  21  2:05  Drone  
  21  2:07  Queen  
  21  2:08  Queen  
  24  2:13  Zergling x4  
  28  2:24  Overlord  
  28  2:26  Overlord  
  28  2:44  Drone  
  28  2:45  Drone x2  
  31  2:56  Drone x3  
  34  3:07  Drone x2  
  34  3:09  Queen  
  38  3:17  Overlord  
  38  3:22  Hatchery  
  38  3:23  Overlord  
  38  3:24  Drone  
  38  3:35  Drone x3  
  38  3:36  Drone x2  
  43  3:43  Lair  
  43  3:44  Drone  
  44  4:04  Drone  
  44  4:07  Zergling x14  
  52  4:14  Overlord  
  51  4:32  Queen  
  53  4:43  Drone x9  
  62  4:46  Queen  
  62  4:49  Queen  
  66  5:02  Overlord  
  66  5:03  Overlord x5  
  66  5:08  Pneumatized Carapace  
  66  5:12  Extractor  
  65  5:16  Extractor  
  65  5:17  Spire  
  63  5:29  Queen  
  65  5:45  Queen  
  65  5:47  Drone x6  
  65  5:48  Overlord x4, Drone x8  
  81  5:52  Extractor  
  80  6:02  Drone  
  80  6:03  Drone  
  82  6:11  Overseer  
  82  6:15  Overlord x2  
  82  6:31  Extractor  
  81  6:36  Mutalisk  
  81  6:37  Mutalisk x4  
  91  6:40  Zergling x2  
  91  6:41  Zergling x8  
  96  6:55  Mutalisk, Drone x2  
  96  6:56  Mutalisk  
  102  7:05  Drone  
  102  7:06  Drone x5  
  108  7:11  Drone x2  
  110  7:16  Extractor  
  110  7:17  Queen  
  110  7:21  Hatchery  
  110  7:34  Mutalisk x4  
  118  7:44  Mutalisk  
  120  7:53  Baneling Nest  
  120  7:57  Mutalisk x2  
  123  8:19  Zergling x16  
  131  8:20  Zergling x4  
  133  8:30  Drone  
  133  8:31  Drone x2  
  133  8:32  Drone  
  137  8:36  Queen  
  137  8:37  Drone  
  137  8:38  Drone  
  141  8:49  Drone x4  
  145  8:59  Infestation Pit  
  112  9:14  Drone x4  
  116  9:17  Overseer x3  
  116  9:24  Baneling x3  
  116  9:25  Baneling x5  
  116  9:27  Centrifical Hooks  
  116  9:28  Metabolic Boost  
  116  9:37  Zergling x18  
  116  9:38  Overlord  
  125  9:46  Extractor  
  125  9:48  Baneling  
  125  9:49  Baneling x8  
  125  9:50  Zergling x2  
  125  9:51  Zergling x16  
  106  10:15  Hive  
  106  10:18  Swarm Host x5  
  106  10:19  Swarm Host x7  
  142  10:29  Nydus Network  
  141  10:39  Spore Crawler  
  141  10:40  Spore Crawler  
  141  10:42  Spore Crawler  
  138  10:45  Spore Crawler  
  138  10:48  Drone x4  
  138  10:49  Drone x3  
  143  10:50  Drone  
  143  10:53  Zergling x2  
  144  11:29  Overlord  
  144  11:30  Overlord x14  
  122  12:23  Zergling x2  
  122  12:24  Zergling x40  
  138  13:03  Zergling x24  
  150  13:21  Nydus Canal  
  150  13:32  Queen  
  152  14:06  Zergling x2  
  152  14:08  Ultralisk Cavern  
  152  14:12  Hydralisk Den  
  151  14:27  Zergling x4  
  151  14:28  Zergling x42  
  174  14:48  Viper x4  
  174  14:50  Hatchery  
  185  14:53  Grooved Spines  
  185  14:57  Pathogen Glands  
  185  14:59  Anabolic Synthesis  
  185  15:02  Ultralisk x2  
  197  15:18  Nydus Canal  
  197  15:42  Chitinous Plating  
  197  16:05  Muscular Augments  
  197  16:32  Baneling  
  197  16:33  Baneling x10  
  197  16:36  Baneling x4  
  197  16:42  Nydus Canal  
  197  17:01  Extractor  
Tags
 
Add a new tag
Caveats
  • Supply blocks, unpowered buildings, or Contaminate may cause inaccurate times.
  • Supply counts are checked every 10 seconds.